 Dungeon Crawl Stone Soup version 0.21-a0-536-gdbbf329e9e (webtiles) character file.

34 Banto the Covered (level 3, -1/28 HPs)
             Began as a Demigod Wanderer on Dec 14, 2017.
             Slain by an adder (2 damage)
             ... on level 2 of the Dungeon.
             The game lasted 00:00:41 (887 turns).

Banto the Covered (Demigod Wanderer)                 Turns: 887, Time: 00:00:41

Health: -1/28      AC:  5    Str: 16    XL:     3   Next: 1%
Magic:  5/5        EV: 10    Int: 16    God:
Gold:   57         SH:  3    Dex: 16    Spells: 2/2 levels left

rFire    . . .     SeeInvis .   a - +2 hand axe
rCold    . . .     Gourm    .   (no shield)
rNeg     . . .     Faith    .   d - +0 ring mail
rPois    .         Spirit   .   (no helmet)
rElec    .         Reflect  +   (no cloak)
rCorr    .         Harm     .   (no gloves)
MR       .....                  (no boots)
Stlth    +.........             e - +3 amulet of reflection
HPRegen  0.09/turn              n - -2 ring of slaying (curse)
MPRegen  0.09/turn              (no ring)

@: lethally poisoned (-1 -> -16)
A: high mp 1
a: no special abilities


You were on level 2 of the Dungeon.
You were not hungry.

You visited 1 branch of the dungeon, and saw 2 of its levels.

You collected 57 gold pieces.

Inventory:

Hand Weapons
 a - a +2 hand axe (weapon)
 b - a +0 hand crossbow
Missiles
 c - 61 bolts
Armour
 d - a +0 ring mail (worn)
Jewellery
 e - a +3 amulet of reflection (around neck)
 n - a cursed -2 ring of slaying (left hand)
Scrolls
 g - a scroll of enchant weapon {unknown}
 j - 2 scrolls of teleportation {unknown}
 k - 2 scrolls of enchant armour {unknown}
 l - a scroll of identify {unknown}
Potions
 h - a potion of mutation {unknown}
 i - a potion of heal wounds {unknown}
 m - a potion of haste {unknown}
 o - a potion of curing {unknown}
Comestibles
 f - a bread ration


   Skills:
 + Level 1.0 Fighting
 + Level 3.2 Axes
 + Level 1.0 Throwing
 + Level 4.2 Armour
 + Level 0.1 Dodging
   Level 1.0 Shields


You had 2 spell levels left.
You didn't know any spells.

Dungeon Overview and Level Annotations

Branches:
Dungeon (2/15)


Innate Abilities, Weirdness & Mutations

You have an increased reservoir of magic. (+10% MP)


Message History

You closely miss the adder. The adder bites you.
* * * LOW HITPOINT WARNING * * *
You are lethally poisoned!
The adder poisons you!
You take 2 damage, and have 7/28 hp.
You hit the adder but do no damage.
* * * LOW HITPOINT WARNING * * *
You feel sick. The adder bites you.
* * * LOW HITPOINT WARNING * * *
You are more poisoned.
The adder poisons you! The adder bites you.
* * * LOW HITPOINT WARNING * * *
You are more poisoned.
The adder poisons you!
You take 4 damage, and have 3/28 hp.
You hit the adder.
The adder is heavily wounded.
* * * LOW HITPOINT WARNING * * *
You feel sick. The adder bites you.
You die...

..# #######.#####.# ######>#
#.......##.##.#
.#.[.#.###.....####.##.#
....##......#.......##.#
......#####.#..####.##.####..##
##.##.# #.#..........>.......
#.##.# #.########..#######.#
#.##.. ..#...............#
#.########.#.#.@##########.#
#....#.. ..# #..S....# ####.#.#
#.# #.#####.# #.#.###.# #.
#.......# .. #######'###$..
#.........#..? ###.........#.##
............#


You could see an adder.

Vanquished Creatures
  An ooze (D:1)
  A worm (D:2)
  A leopard gecko (D:1)
  2 bats (D:1)
  A giant cockroach (D:1)
  2 hobgoblins (D:1)
  2 jackals (D:1)
  A quokka (D:2)
  9 frilled lizards
  3 goblins
  2 kobolds (D:1)
  3 rats (D:1)
28 creatures vanquished.

Notes
Turn   | Place    | Note
-------+----------+-------------------------------------------
     0 | D:1      | Banto the Demigod Wanderer began the quest for the Orb.
     0 | D:1      | Banto set off with: a +2 hand axe, a +0 hand crossbow, 30 bolts, a +0 ring mail, a bread ration
     0 | D:1      | Reached XP level 1. HP: 16/16 MP: 3/3
   264 | D:1      | Reached XP level 2. HP: 23/23 MP: 4/4
   354 | D:1      | Reached skill level 4 in Armour
   693 | D:2      | Found a snail-covered altar of Cheibriados.
   778 | D:2      | Found a blossoming altar of Fedhas.
   840 | D:2      | Reached XP level 3. HP: 5/28 MP: 5/5
   887 | D:2      | HP: 1/28 [poisoned by an adder]
   887 | D:2      | Slain by an adder

Vault maps used:
D:1:      minmay_arrival_four_houses, minmay_lizard_king
D:2:      old_standard_altar, cheibriados_altar_1, fedhas_altar_3

Skill      XL: |  1  2 |
---------------+-------+-----
Armour         | 4 |  4.2
Axes           | 3 |  3.2
Fighting       | |  1.0
Throwing       | |  1.0
Dodging        | |  0.1
Shields        | |  1.0

Action                   || total
-------------------------++-------
Melee: Hand axe          ||    70
Armor: Ring mail         ||    21
Dodge: Dodged            ||    35

Table legend:
 A = Spawn XP
 B = Non-spawn XP
 C = Spawn XP percentage of total XP
 D = Spawn monster count
 E = Non-spawn monster count
 F = Spawn count percentage of total count
 G = Total turns spent on level
                    A         B        C        D         E        F      G
               +---------+---------+-------+---------+---------+-------+---------
         Total |       0 |      49 |   0.0 |       0 |      28 |   0.0 |   887
               +---------+---------+-------+---------+---------+-------+---------
           D:1 |       0 |      38 |   0.0 |       0 |      23 |   0.0 |   692
           D:2 |       0 |      11 |   0.0 |       0 |       5 |   0.0 |   195
               +---------+---------+-------+---------+---------+-------+---------

Table legend:
 A = Turns spent in this place as a percentage of turns spent in the entire game.
 B = Non-inter-level travel turns spent in this place as a percentage of non-inter-level travel turns spent in the entire game.
 C = Inter-level travel turns spent in this place as a percentage of turns spent in this place.
 D = Turns resting spent in this place as a percentage of non-inter-level travel turns spent in this place.
 E = Turns spent auto-exploring this place as a percentage of non-inter-level travel turns spent in this place.
 F = Non-inter-level travel turns spent in this place divided by the number of levels of this place that you've seen.
                   A       B       C       D       E      F
               +-------+-------+-------+-------+-------+----------------------
         Total | 100.0 | 100.0 |   2.8 |   0.0 |  82.7 | 431.0
       Dungeon | 100.0 | 100.0 |   2.8 |   0.0 |  82.7 | 431.0
               +-------+-------+-------+-------+-------+----------------------

Table legend:
 A = Kills in this place as a percentage of kills in entire the game.
 B = Kills by you in this place as a percentage of kills by you in the entire game.
 C = Kills by friends in this place as a percentage of kills by friends in the entire game.
 D = Other kills in this place as a percentage of other kills in the entire game.
 E = Experience gained in this place as a percentage of experience gained in the entire game.
 F = Experience gained in this place divided by the number of levels of this place that you have seen.
                   A       B       C       D       E      F
               +-------+-------+-------+-------+-------+----------------------
         Total | 100.0 | 100.0 |   N/A |   N/A | 100.0 |  24.5
       Dungeon | 100.0 | 100.0 |   N/A |   N/A | 100.0 |  24.5
               +-------+-------+-------+-------+-------+----------------------
